Map: 카이로스 정션 - 래더

Players

TYTY (TY) - Winner!

  • Race: Terran Terran
  • Spawn Location: 11:00

Scarlett

  • Race: Zerg Zerg
  • Spawn Location: 5:00

Event: IEM Season 13: Katowice (2019)

VOD

Have the link to the VOD?

Description

Time

  • Played on: March 1, 2019, 11:08 a.m.
  • Length: 9:18

All games in this series

Show
View Real Time Build Order
Export as new Build Order

TYTY Terran - Winner!

Build Orders: Hellion Opening, Reaper Expand 

Get SALT Encoding   

  12  0:00  SCV  
  13  0:12  SCV  
  14  0:17  Supply Depot  
  14  0:24  SCV  
  15  0:39  SCV  
  15  0:40  Barracks  
  16  0:43  Refinery  
  16  0:51  SCV  
  17  1:03  SCV  
  18  1:15  SCV  
  19  1:27  Reaper  
  19  1:28  Orbital Command  
  20  1:39  Command Center  
  20  1:52  Supply Depot  
  20  1:54  SCV  
  20  1:59  Marine  
  22  2:05  Factory  
  22  2:08  SCV  
  23  2:14  Refinery  
  23  2:20  SCV  
  23  2:21  Barracks Reactor  
  24  2:32  SCV  
  25  2:44  SCV  
  26  2:54  Orbital Command  
  26  2:55  Starport  
  26  2:56  SCV  
  27  3:01  Hellion x2  
  31  3:06  Barracks Tech Lab  
  31  3:08  SCV  
  32  3:22  Hellion x2  
  32  3:25  Marauder, Supply Depot  
  38  3:31  Viking  
  40  3:34  SCV  
  40  3:35  SCV  
  42  3:43  Hellion  
  42  3:44  Hellion  
  42  3:47  Marauder  
  48  3:53  Supply Depot  
  48  3:58  Armory  
  48  4:01  Medivac  
  50  4:07  Hellion  
  50  4:08  Hellion  
  54  4:15  Marauder, Concussive Shells  
  54  4:16  SCV  
  57  4:23  SCV  
  57  4:24  Supply Depot  
  58  4:28  Liberator, Hellion  
  60  4:36  Marauder  
  65  4:46  Supply Depot x2  
  65  4:51  Hellion  
  67  4:55  SCV  
  55  5:47  Supply Depot x3  
  33  6:13  Hellion  
  33  6:14  Orbital Command  
  33  6:15  Orbital Command  
  35  6:20  Marine  
  38  6:38  Marine  
  23  6:51  Hellion  
  22  7:03  Orbital Command  
  22  7:04  SCV  
  23  7:12  Hellion  
  25  7:18  SCV  
  26  7:22  Barracks Reactor  
  26  7:24  Medivac  
  28  7:30  SCV  
  28  7:31  SCV  
  28  7:35  Hellion  
  32  7:42  SCV  
  32  7:43  SCV  
  34  7:55  Supply Depot  
  34  8:03  Starport Tech Lab, SCV  
  34  8:04  SCV  
  36  8:11  Marine  
  36  8:12  Hellion  
  37  8:15  SCV  
  37  8:16  SCV  
  39  8:20  Refinery  
  39  8:21  Refinery  
  39  8:27  SCV  
  39  8:28  SCV  
  40  8:39  SCV  
  40  8:40  SCV  
  41  8:47  Hellion x2  
  48  8:51  SCV  
  48  8:52  SCV, Supply Depot  
  49  9:03  SCV  
  49  9:04  SCV  
Show
View Real Time Build Order
Export as new Build Order

Scarlett Zerg 

Build Orders: Hatch First 

Get SALT Encoding   

  12  0:00  Drone  
  13  0:12  Overlord  
  13  0:16  Drone  
  14  0:30  Drone x2  
  16  0:47  Hatchery  
  15  0:51  Drone  
  15  0:54  Drone  
  17  0:58  Drone  
  18  1:09  Extractor  
  17  1:12  Spawning Pool  
  17  1:16  Drone  
  17  1:21  Drone  
  18  1:30  Drone  
  19  1:39  Drone  
  20  1:50  Overlord  
  20  1:59  Queen x2  
  20  2:00  Zergling x4  
  26  2:11  Drone x2  
  26  2:13  Metabolic Boost  
  28  2:24  Drone x2  
  30  2:35  Queen, Drone x2  
  34  2:54  Drone x2, Hatchery  
  35  2:58  Overlord  
  35  3:01  Drone  
  36  3:05  Overlord  
  36  3:13  Lair  
  36  3:17  Drone x2  
  38  3:21  Drone x2  
  38  3:27  Queen  
  40  3:30  Drone  
  40  3:32  Zergling x2  
  44  3:42  Zergling x10  
  44  3:46  Zergling x2  
  50  3:49  Overlord  
  50  3:59  Overlord x2  
  50  4:01  Zergling x4  
  52  4:06  Queen  
  54  4:10  Nydus Network  
  54  4:15  Queen  
  55  4:18  Queen  
  57  4:25  Zergling x6  
  57  4:28  Zergling x4  
  62  4:33  Overseer  
  62  4:34  Zergling x4  
  62  4:38  Overlord  
  64  4:41  Overlord  
  64  4:49  Overlord, Zergling x2  
  64  4:50  Zergling x2  
  66  4:53  Nydus Canal  
  66  4:57  Zergling x8  
  70  5:00  Zergling x2  
  70  5:04  Zergling x6  
  70  5:05  Zergling x2  
  71  5:10  Zergling x4  
  71  5:12  Zergling x2  
  71  5:18  Baneling Nest  
  66  5:26  Drone  
  62  5:29  Zergling x2  
  62  5:30  Zergling x10  
  62  5:34  Zergling x2  
  64  5:36  Zergling x2  
  23  6:13  Baneling x6  
  16  6:40  Drone x2  
  15  6:57  Drone x2  
  16  7:17  Drone  
  17  7:26  Drone  
  18  7:37  Drone  
  19  7:46  Drone  
  20  7:52  Drone  
  21  8:01  Drone  
  22  8:10  Drone  
  18  8:14  Drone  
  20  8:27  Drone x2  
  21  8:36  Drone x2  
  21  8:40  Drone  
  24  8:45  Drone x2  
  26  8:50  Drone  
  26  8:54  Drone  

Tags
 
Add a new tag
Caveats
  • Supply blocks, unpowered buildings, or Contaminate may cause inaccurate times.
  • Supply counts are checked every 10 seconds.